Map: Ice and Chrome LE

Players

Namshar

  • Race: Zerg Zerg
  • League: Grandmaster
  • Spawn Location: 7:00

Nina - Winner!

  • Race: Protoss Protoss
  • League: Grandmaster
  • Spawn Location: 1:00

Event: DreamHack SC2 Masters 2020 Summer North America

VOD

Have the link to the VOD?

Description

Time

  • Played on: June 30, 2020, 5:58 p.m.
  • Length: 13:49

All games in this series

Show
View Real Time Build Order
Export as new Build Order

Namshar Zerg 

Build Orders: Hatch First, Lurkers 

Get SALT Encoding   

  12  0:00  Drone  
  13  0:12  Overlord  
  13  0:16  Drone  
  14  0:30  Drone x2  
  16  0:47  Hatchery  
  15  0:50  Drone  
  15  0:53  Drone  
  17  0:57  Drone  
  18  1:07  Extractor  
  17  1:12  Spawning Pool  
  17  1:15  Drone  
  17  1:18  Drone  
  18  1:27  Drone  
  19  1:38  Drone  
  20  1:50  Overlord  
  20  1:58  Queen  
  20  1:59  Zergling x2, Queen  
  20  2:00  Zergling x2  
  26  2:11  Drone x2, Metabolic Boost  
  28  2:21  Drone  
  28  2:22  Drone  
  30  2:32  Drone x2  
  32  2:39  Hatchery  
  32  2:42  Overlord  
  31  2:48  Zergling x2  
  32  2:53  Queen  
  32  2:56  Drone  
  32  2:57  Overlord  
  35  3:03  Drone  
  37  3:05  Zergling x2  
  37  3:10  Drone x4  
  41  3:24  Drone x2  
  41  3:25  Drone  
  44  3:28  Drone  
  44  3:29  Queen  
  44  3:33  Drone, Spore Crawler  
  47  3:39  Overlord  
  47  3:46  Drone  
  47  3:48  Spore Crawler  
  47  3:51  Queen  
  48  3:58  Drone x6  
  53  4:03  Drone  
  53  4:07  Queen  
  53  4:08  Drone x2, Spore Crawler  
  57  4:14  Overlord  
  57  4:16  Drone x3  
  60  4:20  Drone  
  60  4:23  Spore Crawler  
  60  4:27  Spore Crawler  
  60  4:28  Spore Crawler  
  57  4:33  Roach Warren, Lair  
  57  4:38  Drone x6  
  62  4:45  Extractor  
  62  4:47  Extractor  
  62  4:48  Drone, Overlord  
  62  4:49  Drone x3  
  64  4:56  Overlord x2  
  64  5:03  Zergling x12  
  64  5:06  Zergling x8  
  71  5:19  Drone  
  71  5:20  Drone x5  
  72  5:30  Drone x3  
  74  5:37  Hydralisk Den, Drone x5  
  78  5:43  Overlord  
  78  5:45  Drone x3, Extractor  
  78  5:48  Extractor  
  78  5:50  Drone  
  78  5:51  Drone  
  78  5:56  Overlord  
  79  6:00  Glial Reconstitution  
  79  6:03  Evolution Chamber  
  76  6:05  Drone x2  
  76  6:07  Overseer  
  76  6:08  Drone  
  76  6:09  Drone x3  
  76  6:10  Hatchery  
  81  6:17  Drone x3  
  81  6:18  Drone  
  85  6:24  Extractor  
  84  6:25  Grooved Spines  
  84  6:27  Drone  
  84  6:29  Infestation Pit  
  84  6:30  Zerg Missile Weapons Level 1  
  92  6:40  Roach x6  
  92  6:43  Overlord x2  
  96  6:48  Pneumatized Carapace  
  96  6:51  Queen  
  98  6:57  Overlord  
  98  6:58  Overlord  
  98  7:11  Drone x7  
  103  7:19  Drone x3  
  103  7:20  Drone  
  103  7:21  Drone x6  
  112  7:26  Queen  
  112  7:28  Hive  
  114  7:32  Extractor, Lurker Den  
  114  7:34  Extractor  
  114  7:36  Hydralisk x5  
  121  7:37  Muscular Augments  
  121  7:47  Overlord x2  
  121  7:54  Hatchery  
  121  7:55  Overlord  
  121  7:56  Hydralisk x3, Overlord  
  124  8:08  Hydralisk x6  
  136  8:14  Drone x8  
  142  8:26  Extractor  
  141  8:27  Extractor  
  141  8:28  Overlord x4  
  140  8:43  Seismic Spines, Hydralisk x5  
  150  9:00  Hydralisk x9  
  168  9:18  Lurker x5  
  168  9:20  Lurker x2  
  175  9:24  Lurker  
  175  9:25  Lurker x2  
  178  9:31  Hydralisk  
  178  9:32  Hydralisk x3  
  186  9:40  Adaptive Talons  
  186  9:43  Hydralisk x5  
  195  9:54  Overlord x2, Zergling x4  
  197  10:13  Hydralisk x5  
  196  10:28  Hatchery  
  169  10:37  Hydralisk x16  
  185  10:46  Hydralisk x4  
  192  10:51  Overlord  
  192  10:52  Hydralisk Den  
  147  11:28  Hydralisk x3  
  147  11:32  Lurker Den  
  140  11:35  Spawning Pool  
  111  12:03  Hydralisk x5  
  113  12:29  Hydralisk x2  
  97  12:49  Hydralisk x2  
  97  12:50  Hatchery  
  87  12:53  Queen, Zergling x4  
  87  13:08  Zergling x4  
  89  13:13  Zergling x6  
  87  13:20  Roach Warren  
  87  13:23  Zergling x2  
Show
View Real Time Build Order
Export as new Build Order

Nina Protoss - Winner!

Build Orders: 1 Gate Expand, Oracle Opening, Chargelot Immortal 

Get SALT Encoding   

  12  0:00  Probe  
  13  0:12  Probe  
  14  0:20  Pylon  
  14  0:25  Probe  
  15  0:34  Probe  
  15  0:38  Gateway  
  15  0:42  Probe  
  16  0:49  Assimilator  
  17  0:52  Probe  
  18  1:05  Probe  
  19  1:17  Probe  
  20  1:24  Nexus  
  20  1:32  Cybernetics Core  
  20  1:36  Probe  
  21  1:43  Assimilator  
  21  1:48  Probe  
  21  1:50  Pylon  
  22  1:59  Adept, Probe  
  23  2:07  Probe  
  23  2:15  Probe, Stargate  
  27  2:27  Probe  
  27  2:28  Adept  
  30  2:33  Warp Gate  
  30  2:37  Probe  
  30  2:39  Probe  
  32  2:49  Probe  
  32  2:50  Gateway  
  33  2:51  Probe  
  33  2:54  Oracle  
  33  2:55  Pylon  
  34  3:01  Probe  
  38  3:06  Probe  
  38  3:12  Adept  
  41  3:13  Probe  
  43  3:20  Probe  
  43  3:21  Oracle  
  43  3:25  Probe  
  42  3:28  Pylon  
  42  3:32  Probe  
  46  3:37  Adept, Probe  
  49  3:44  Probe  
  50  3:49  Probe  
  51  3:56  Probe  
  51  4:01  Probe  
  51  4:02  Nexus  
  53  4:03  Pylon  
  53  4:08  Probe  
  54  4:13  Robotics Facility  
  54  4:14  Probe  
  55  4:20  Probe  
  55  4:21  Oracle  
  59  4:30  Probe  
  57  4:32  Adept x2, Probe  
  57  4:35  Assimilator  
  57  4:36  Assimilator  
  62  4:42  Probe  
  62  4:43  Shield Battery  
  62  4:44  Probe  
  64  4:52  Gateway  
  64  4:54  Probe, Forge, Zealot  
  64  4:56  Sentry, Probe  
  64  4:59  Pylon  
  70  5:13  Probe x2  
  72  5:20  Immortal  
  76  5:25  Probe x2  
  74  5:32  Sentry x2  
  74  5:33  Probe  
  79  5:36  Protoss Ground Weapons Level 1  
  79  5:37  Probe x2  
  79  5:39  Gateway  
  79  5:42  Pylon  
  81  5:45  Probe  
  84  5:50  Probe x2  
  84  5:55  Adept  
  84  5:57  Immortal  
  86  5:58  Probe  
  86  5:59  Zealot  
  86  6:02  Probe x2  
  92  6:05  Phoenix  
  92  6:10  Probe  
  95  6:14  Probe x2  
  95  6:16  Gateway  
  95  6:17  Shield Battery  
  97  6:22  Probe  
  97  6:25  Assimilator  
  94  6:26  Probe  
  94  6:29  Assimilator  
  94  6:31  Twilight Council  
  98  6:34  Probe  
  98  6:35  Probe  
  100  6:41  Pylon  
  100  6:44  Pylon  
  100  6:45  Probe  
  100  6:46  Pylon  
  101  6:49  Pylon  
  101  6:52  Gateway  
  101  6:54  Gateway  
  101  6:55  Gateway, Immortal  
  101  6:58  Probe  
  101  7:01  Charge  
  103  7:06  Zealot x4  
  111  7:12  Templar Archives  
  111  7:22  Zealot  
  113  7:23  Photon Cannon  
  113  7:34  Immortal  
  113  7:36  Pylon  
  110  7:40  Psionic Storm  
  110  7:41  Nexus  
  114  7:45  Nexus  
  114  7:50  Protoss Ground Weapons Level 2, Pylon  
  114  7:51  High Templar x5  
  124  8:02  Photon Cannon  
  124  8:04  Pylon  
  124  8:05  Warp Prism  
  124  8:06  Pylon  
  124  8:12  Shield Battery  
  120  8:15  High Templar, Shield Battery  
  120  8:18  Photon Cannon  
  124  8:20  Photon Cannon, Probe  
  124  8:23  Photon Cannon  
  124  8:26  Zealot x5  
  132  8:28  Photon Cannon  
  132  8:32  Pylon  
  132  8:36  Fleet Beacon  
  132  8:38  Observer  
  133  8:41  Pylon  
  133  8:46  High Templar  
  133  8:47  High Templar  
  137  8:48  Probe  
  137  8:49  Probe  
  137  8:51  Archon  
  137  8:53  Assimilator  
  139  8:57  High Templar  
  139  8:59  Assimilator  
  139  9:01  Probe  
  140  9:06  Probe x2  
  140  9:07  High Templar  
  144  9:13  Zealot x4  
  144  9:16  Gateway  
  152  9:19  Gateway  
  152  9:25  Stargate  
  152  9:28  Zealot x2  
  156  9:38  Immortal  
  156  9:42  Nexus  
  152  9:50  High Templar  
  158  9:55  Stargate  
  158  10:02  Tempest  
  158  10:05  Zealot x7  
  169  10:15  High Templar  
  169  10:16  Photon Cannon  
  169  10:20  Immortal, Tempest  
  154  10:21  Photon Cannon  
  154  10:22  Photon Cannon  
  154  10:26  Photon Cannon  
  154  10:27  Photon Cannon  
  153  10:28  Pylon  
  156  10:38  Pylon x2  
  131  10:57  High Templar x3  
  131  11:00  Tempest  
  140  11:11  Tempest  
  119  11:41  Probe x2  
  93  12:06  Probe  
  93  12:08  Pylon  
  94  12:16  High Templar x4  
  100  12:33  Probe  
  100  12:35  Probe  
  102  12:44  Zealot x2  
  102  12:48  Zealot x2  
  102  12:49  Zealot  
  108  12:58  Zealot  
  110  13:05  Zealot x2  
  114  13:06  Probe  
  114  13:09  High Templar  
  114  13:11  High Templar  
  119  13:18  Archon  
  119  13:19  Zealot  
  119  13:26  Zealot x2  
  119  13:39  Zealot  
Tags
 
Add a new tag
Caveats
  • Supply blocks, unpowered buildings, or Contaminate may cause inaccurate times.
  • Supply counts are checked every 10 seconds.